 Dungeon Crawl Stone Soup version 0.20-a0-3-g334f831 (webtiles) character file.

88 wazuzu the Sneak (level 4, -2/34 HPs)
             Began as a Vampire Monk on Oct 30, 2016.
             Killed from afar by Natasha (4 damage)
             ... with a magic dart
             ... on level 2 of the Dungeon.
             The game lasted 00:05:01 (1092 turns).

wazuzu the Sneak (Vampire Monk)                     Turns: 1092, Time: 00:05:04

Health: -2/34      AC:  7    Str: 11    XL:     4   Next: 29%
Magic:  4/4        EV: 12    Int: 12    God:
Gold:   34         SH:  0    Dex: 16    Spells: 0 memorised, 3 levels left

rFire  . . .     SeeInvis +     a - +0 short sword
rCold  + . .     Gourm    .     f - +2 ring mail {rC+}
rNeg   + . .     Faith    .     (no shield)
rPois  .         Spirit   .     (no helmet)
rElec  .         Reflect  .     (no cloak)
rCorr  .         Harm     .     (no gloves)
MR     .....                    (no boots)
Stlth  ++........               (no amulet)
                                (no ring)
                                (no ring)

@: slowed, very slow
A: fangs 3, see invisible, unbreathing
a: Bat Form


You were on level 2 of the Dungeon.
You were not thirsty.

You visited 1 branch of the dungeon, and saw 2 of its levels.

You collected 34 gold pieces.

Inventory:

Hand Weapons
 a - a +0 short sword (weapon)
Armour
 f - a +2 ring mail of cold resistance (worn)
Scrolls
 e - a scroll of enchant armour {unknown}
 g - 8 scrolls of identify {unknown}
 k - 3 scrolls of teleportation {unknown}
 l - a scroll of noise {unknown}
 n - a scroll of recharging {unknown}
Potions
 b - a potion of agility {unknown}
 c - 10 potions of blood
 d - 4 potions of might {unknown}
 h - a potion of invisibility {unknown}
 i - 2 potions of mutation {unknown}
 j - a potion of flight {unknown}
 m - a potion of haste {unknown}
 o - a potion of ambrosia {unknown}
 p - a potion of experience {unknown}


   Skills:
 - Level 2.6 Fighting
 + Level 4.8 Short Blades
 - Level 3.2 Dodging
 + Level 5.1 Stealth


You had 3 spell levels left.
You didn't know any spells.

Dungeon Overview and Level Annotations

Branches:
Dungeon (2/15)

Altars:

Annotations:
D:2 Natasha


Innate Abilities, Weirdness & Mutations

You have razor-sharp teeth.
You have supernaturally acute eyesight. (SInv)
You can survive without breathing.


Message History

Natasha casts a spell at you.
You feel as though you will be slow longer.
Natasha claws you.
* * * LOW HITPOINT WARNING * * *
You hit Natasha.
Natasha is heavily wounded.
Natasha closely misses you.
You hit Natasha.
Natasha is heavily wounded.
Natasha misses you.
You barely miss Natasha.
Natasha is heavily wounded.
The crimson imp closely misses you. Natasha barely misses you.
You closely miss Natasha.
Natasha is heavily wounded.
Natasha wildly gestures.
Natasha shimmers violently.
Natasha casts a spell at you. The magic dart hits you!
You die...

..#.##.#.#.##.#.###.#.##.#.....#
#.#.##.#....#.........##.......#
................###.#######....#
..#.##.#.#..#.)................#
###.##.#.#..#.....###########..#
.....#.#.#...<..........#......#
###..#...#........####..#.####.#
.........#..#.#5#.......#.# #.#
................@.....>.#.# #.#
.........#..#....h...#....# #.#
##########..#........#..### #.#
....#.....#..#..# #+#
.....#.....#..#..#
.......#.#.###..#..#
.......#.#.# #..#..#
.......#.#.# #..#..#
......#.#.#.# ..<...#


You could see Natasha and a crimson imp.

Vanquished Creatures
  Natasha (twice) (D:2)
  A dart slug (D:1)
  4 giant cockroaches (D:1)
  5 goblins (D:1)
  5 hobgoblins
  A quokka (D:2)
  5 bats (D:1)
  6 kobolds
  6 rats
35 creatures vanquished.

Notes
Turn   | Place    | Note
-------+----------+-------------------------------------------
     0 | D:1      | wazuzu the Vampire Monk began the quest for the Orb.
     0 | D:1      | Reached XP level 1. HP: 17/17 MP: 1/1
    84 | D:1      | Reached XP level 2. HP: 6/23 MP: 2/2
   596 | D:1      | Reached skill level 4 in Stealth
   706 | D:1      | Reached XP level 3. HP: 24/28 MP: 3/3
   953 | D:2      | Noticed Natasha
   963 | D:2      | Killed Natasha
  1057 | D:2      | Noticed Natasha
  1074 | D:2      | Killed Natasha
  1074 | D:2      | Reached skill level 5 in Stealth
  1074 | D:2      | Reached XP level 4. HP: 19/34 MP: 4/4
  1078 | D:2      | Noticed Natasha
  1092 | D:2      | Killed from afar by Natasha

Vault maps used:
D:1:      minmay_arrival_four_houses, minmay_misc_feat_enclosed
D:2:      uniq_natasha

Skill      XL: |  1  2  3 |
---------------+----------+-----
Short Blades   | 4 |  4.8
Stealth        | 4 5 |  5.1
Fighting       | |  2.6
Dodging        | |  3.2

Action                   |  1- 3 |  4- 6 || total
-------------------------+-------+-------++-------
Melee: Short sword       |   122 |    11 ||   133
       Bite              |    11 |     2 ||    13
  Use: Potion            |       |     1 ||     1
 Stab: Sleeping          |     3 |       ||     3
Armor: Robe              |     3 |       ||     3
       Ring mail         |    25 |     3 ||    28
Dodge: Dodged            |    65 |     8 ||    73
